 Dungeon Crawl Stone Soup version 0.18.1-48-g4cf74bf (webtiles) character file.

1192 Larett the Slicer (level 8, -2/37 HPs)
             Began as a Spriggan Assassin on July 24, 2016.
             Slain by a gnoll
             ... wielding a +0 spear
              (6 damage)
             ... on level 6 of the Dungeon on July 25, 2016.
             The game lasted 00:19:25 (6155 turns).

Larett the Slicer (Spriggan Assassin)               Turns: 6155, Time: 00:19:25

Health: -2/37      AC:  4    Str:  7    XL:     8   Next: 20%
Magic:  9/9        EV: 23    Int: 12    God:
Gold:   86         SH:  0    Dex: 20    Spells: 0 memorised, 7 levels left

rFire  . . .     SeeInvis +     a - +3 short sword (elec)
rCold  . . .     Gourm    .     c - +0 robe
rNeg   . . .     Faith    .     (shield restricted)
rPois  .         Spirit   .     (helmet restricted)
rElec  .         Dismiss  .     d - +1 cloak
rCorr  .         Reflect  .     (gloves unavailable)
SustAt .         Harm     .     (boots unavailable)
MR     +....                    (no amulet)
Stlth  +++++.....               (no ring)
                                j - +6 ring of evasion

@: very quick, somewhat resistant to hostile enchantments, quite stealthy
A: unfitting armour, see invisible, herbivore 3, speed 3, slow metabolism 2
a: no special abilities


You were on level 6 of the Dungeon.
You were full.

You visited 1 branch of the dungeon, and saw 6 of its levels.

You collected 226 gold pieces.
You spent 140 gold pieces at shops.

Inventory:

Hand Weapons
 a - a +3 short sword of electrocution (weapon)
 b - a +1 blowgun
 B - a +2 dagger
 D - a +0 shortbow
Missiles
 e - 22 poisoned needles
 f - 2 curare-tipped needles
 h - 4 needles of confusion
 l - 184 stones (quivered)
 p - 101 arrows
 x - 49 sling bullets
 C - 33 bolts
Armour
 c - a +0 robe (worn)
 d - a +1 cloak (worn)
Magical Staves
 E - an uncursed staff of conjuration {!a}
Jewellery
 j - a +6 ring of evasion (left hand)
 v - an uncursed amulet of faith {!P}
Wands
 y - a wand of iceblast (0/15)
Scrolls
 i - a scroll of amnesia {unknown}
 m - 4 scrolls of remove curse
 r - a scroll of enchant armour
 u - a scroll of teleportation
Potions
 k - a potion of curing
 o - a potion of cure mutation {unknown}
 q - 2 potions of experience
 t - a potion of brilliance {unknown}
 w - 2 potions of cancellation
 z - a potion of lignification {unknown}
 A - a potion of haste {unknown}
Books
 s - a book of Flames

   Spells                             Type                      Level
   a - Flame Tongue                   Conjuration/Fire             1
   b - Throw Flame                    Conjuration/Fire             2
   c - Conjure Flame                  Conjuration/Fire             3
   d - Inner Flame                    Hexes/Fire                   3
   e - Sticky Flame                   Conjuration/Fire             4
   f - Fireball                       Conjuration/Fire             5
Comestibles
 g - 8 bread rations


   Skills:
 - Level 1.5 Fighting
 + Level 10.2 Short Blades
 - Level 2.0 Throwing
 - Level 1.5 Dodging
 - Level 8.1 Stealth


You had 7 spell levels left.
You didn't know any spells.

Dungeon Overview and Level Annotations

Branches:
Dungeon (6/15)
 Temple: D:4-7

Altars:
Cheibriados
Dithmenos
Kikubaaqudgha
Okawaru
Pakellas
Ru
Sif Muna

Shops:
D:4 }


Innate Abilities, Weirdness & Mutations

You are tiny and cannot use many weapons and most armour.
You have supernaturally acute eyesight.
You are a herbivore.
You cover ground extremely quickly.
You need consume almost no food.


Message History

Throwing (i - inventory):
l - 187 stones (quivered)
Press: ? - help, Shift-Dir - straight line, f/p - gnoll
Aim: a gnoll, wielding a spear and carrying a wand of digging {zapped: 2} (almost dead, fast)
You throw a stone.
The stone hits the gnoll but does no damage.
The gnoll is almost dead.
The gnoll closely misses you.
Throwing (i - inventory):
l - 186 stones (quivered)
Press: ? - help, Shift-Dir - straight line, f/p - gnoll
Aim: a gnoll, wielding a spear and carrying a wand of digging {zapped: 2} (almost dead, fast)
You throw a stone. The stone barely misses the gnoll.
The gnoll closely misses you.
Throwing (i - inventory):
l - 185 stones (quivered)
Press: ? - help, Shift-Dir - straight line, f/p - gnoll
Aim: a gnoll, wielding a spear and carrying a wand of digging {zapped: 2} (almost dead, fast)
You throw a stone.
The stone hits the gnoll but does no damage.
The gnoll is almost dead.
The gnoll hits you from afar with a spear.
You die...

#...# #...# #########.. #...#
#.<.......# ## #...#
#.######..## ..
#...###....###.... ####.
####...#...._....# ....
#................# #..
#.##.............#
#..##.##(...g.i.8÷...#
#.).).###..g..†).....#
#.#..÷.##).##)_..._..#
###.#÷#÷..))...)......##
....#)#÷(...##......+.....
###.........#.......###########
......†............).)...P.....
≈≈≈≈...(≈≈≈≈≈≈≈≈≈≈≈≈≈≈≈≈≈≈≈....
≈≈≈≈...†≈≈≈≈≈≈≈≈≈≈≈≈≈≈≈≈≈≈≈....


You could see 2 gnolls.

Vanquished Creatures
  The ghost of Vizamar the Ducker, an amateur DrSk (D:4)
  An ogre (D:6)
  2 centaurs
  2 giant frog zombies
  3 gnoll shamans (D:6)
  An orc priest (D:4)
  Ijyb (D:3)
  2 orc wizards (D:4)
  2 worker ants
  2 hound zombies (D:4)
  A hound skeleton (D:6)
  A worker ant zombie (D:5)
  27 gnolls
  A howler monkey skeleton (D:4)
  9 adders
  An adder zombie (D:4)
  6 giant geckos
  2 orcs (D:4)
  7 bat zombies
  6 giant cockroaches
  8 hobgoblins
  15 jackals
  A quokka (D:4)
  2 ball pythons (D:1)
  3 bats (D:1)
  A giant gecko zombie (D:5)
  2 giant newts
  9 goblins
  11 kobolds
  11 rats
  A rat zombie (D:4)
142 creatures vanquished.

Notes
Turn   | Place    | Note
--------------------------------------------------------------
     0 | D:1      | Larett the Spriggan Assassin began the quest for the Orb.
     0 | D:1      | Reached XP level 1. HP: 10/10 MP: 2/2
    22 | D:1      | Reached skill level 6 in Stealth
   236 | D:1      | Reached XP level 2. HP: 14/14 MP: 3/3
   247 | D:1      | Found a snail-covered altar of Cheibriados.
   367 | D:1      | Reached skill level 7 in Stealth
   777 | D:1      | Reached XP level 3. HP: 18/18 MP: 4/4
  1272 | D:2      | Reached skill level 8 in Stealth
  1850 | D:2      | Reached XP level 4. HP: 22/22 MP: 5/5
  2237 | D:3      | Noticed Ijyb
  2244 | D:3      | Reached skill level 3 in Short Blades
  2302 | D:3      | Killed Ijyb
  2649 | D:3      | Reached skill level 4 in Short Blades
  2963 | D:3      | Reached XP level 5. HP: 15/25 MP: 6/6
  3511 | D:4      | Noticed Vizamar's ghost (amateur DrSk)
  3549 | D:4      | Found an ancient bone altar of Kikubaaqudgha.
  3606 | D:4      | Found Bihen's Gadget Shoppe.
  3614 | D:4      | Bought a wand of iceblast (6/15) for 140 gold pieces
  3635 | D:4      | Killed Vizamar's ghost
  3635 | D:4      | Reached skill level 6 in Short Blades
  3635 | D:4      | Reached XP level 6. HP: 30/30 MP: 7/7
  4216 | D:4      | HP: 6/30 [orc priest/flail (6)]
  4703 | D:4      | Reached skill level 7 in Short Blades
  4706 | D:4      | Reached XP level 7. HP: 8/33 MP: 8/8
  5233 | D:5      | Entered Level 5 of the Dungeon
  5542 | D:5      | Reached skill level 8 in Short Blades
  5659 | D:5      | Found a sacrificial altar of Ru.
  5660 | D:5      | Found an oddly glowing altar of Pakellas.
  5740 | D:6      | Found a shadowy altar of Dithmenos.
  5740 | D:6      | Found an iron altar of Okawaru.
  5740 | D:6      | Found a deep blue altar of Sif Muna.
  5847 | D:6      | Reached skill level 9 in Short Blades
  6060 | D:6      | Reached XP level 8. HP: 28/37 MP: 9/9
  6080 | D:6      | Reached skill level 10 in Short Blades
  6133 | D:6      | HP: 2/37 [gnoll/spear (13)]
  6155 | D:6      | Slain by a gnoll

Skill      XL: |  1  2  3  4  5  6  7  8 |
---------------+-------------------------+-----
Stealth        | 6 7 8 |  8.1
Short Blades   | 4 6 7 9 10 | 10.2
Fighting       | |  1.5
Throwing       | |  2.0
Dodging        | |  1.5

Action                   |  1- 3 |  4- 6 |  7- 9 || total
-------------------------+-------+-------+-------++-------
Melee: Dagger            |   150 |   267 |     8 ||   425
       Short sword       |       |       |    80 ||    80
Throw: Stone             |       |    17 |    12 ||    29
Evoke: Wand              |       |     6 |     8 ||    14
  Use: Scroll            |       |     9 |     3 ||    12
       Potion            |       |     2 |       ||     2
 Stab: Sleeping          |     9 |    11 |     2 ||    22
       Distracted        |     3 |     2 |       ||     5
  Eat: Pizza             |       |     1 |       ||     1
       Bread ration      |       |       |     1 ||     1
Armor: Robe              |     9 |    28 |     3 ||    40
Dodge: Dodged            |   127 |   216 |    75 ||   418
